Connexion

NEW YORK Rangers vs CAROLINA Hurricanes

Created - 19 février 2024 at 05:55

Goals
1 2 3 T
NEW YORK Rangers 1 2 0 3
CAROLINA Hurricanes 2 0 2 4
Shots
1 2 3 T
NEW YORK Rangers 14 7 8 29
CAROLINA Hurricanes 9 9 11 29

GoalsPenalties
1st period
1. NEW YORK Rangers , Jakob Chychrun 11 (Ty Dellandrea 6, Zach Hyman 33) at 4:41
2. CAROLINA Hurricanes , Ryan Ellis 8 (Wayne Simmonds 30, Marcus Johansson 23) at 12:08
3. CAROLINA Hurricanes , Marcus Johansson 22 (Wayne Simmonds 31, Ryan Ellis 33) at 18:37
Owen Power (CAR) for Holding (Minor) at 3:06
Travis Konecny (NYR) for Tripping (Minor) at 3:06
2nd period
4. NEW YORK Rangers , Travis Konecny 34 (Cody Goloubef 20, Jon Merrill 33) at 6:17
5. NEW YORK Rangers , Ryan Strome 22 (John Moore 32, Jesse Puljujarvi 21) at 18:11 (PP)
Wayne Simmonds (CAR) for Fighting (Major) at 11:36
Ryan Strome (NYR) for Fighting (Major) at 11:36
Jon Merrill (NYR) for High sticking (Minor) at 11:51
John Moore (NYR) for Hooking (Minor) at 14:03
Tyler Motte (CAR) for Slashing (Minor) at 16:21
3rd period
6. CAROLINA Hurricanes , Curtis Lazar 7 (Pontus Aberg 29, Owen Power 45) at 8:40
7. CAROLINA Hurricanes , James van Riemsdyk 21 (Owen Power 46, Brandon Sutter 30) at 13:21
Logan Couture (NYR) for Tripping (Minor) at 13:33
Goalie Stats
Malcolm Subban (NYR), 25 saves from 29 shots - (0,862), L, 22-10-3, 59:57 minutes
Ilya Samsonov (CAR), 26 saves from 29 shots - (0,897), W, 31-23-0, 60:00 minutes
3 StarsOfficial
1 - Ryan Ellis (CAR)
2 - Marcus Johansson (CAR)
3 - Curtis Lazar (CAR)
Referees : Marc Joannette and Ian Walsh
Linesman : Brian Murphy and Thor Nelson
Game Note
Wayne Simmonds and Ryan Strome fight to a draw at 11:36 of 2nd period
Jack Hughes is injured at 0:34 of 3rd period (Strained Right Knee)
Finance
Level 1 -- Attendance: 5745 (95,75%) -- Ticket Income $689,400
Level 2 -- Attendance: 5680 (100,00%) -- Ticket Income $397,600
Level 3 -- Attendance: 1940 (97,00%) -- Ticket Income $87,300
Level 4 -- Attendance: 3307 (82,68%) -- Ticket Income $132,280
Luxury Box -- Attendance: 982 (98,20%) -- Ticket Income $206,220
Game was played at the RBC Center.
Total Attendance: 17654 (94,51%)
Total Ticket Income: $1,512,800
Other Income: $302,560
Total Income: $1,815,360



Team Name Goals Shots Shots Attemp Shots Blocked PIM HIT PP PK FO%
NEW YORK Rangers 329561113201 / 1 (100%)051%
CAROLINA Hurricanes 4296059240 / 3 (0%)149%

NEW YORK Rangers
Player Name POS G A P +/- PIM HIT SHT SB MP PP MP PP SHT PK MP PK SHT FO% FOT
Cody GoloubefD011-2012021:090:3402:0200% 0
Jakob ChychrunD1010043024:460:4201:5600% 0
Jesse PuljujarviRW011-1013111:270:3410:0000% 0
John MooreD0110210216:401:0802:0200% 0
Jon MerrillD011-2200219:310:3400:0000% 0
Kieffer BellowsLW000-1011011:450:0000:520100% 1
Logan CoutureC/LW000-1212020:090:4201:14080% 5
Logan StanleyD0000000213:060:0000:0000% 0
Nolan PatrickC000-1024020:420:4202:50036% 28
Ryan StromeC/RW101-1525018:540:3410:0000% 0
Taylor HallC/LW000-1001120:310:3401:52048% 23
Torey KrugD0000020224:460:4201:5600% 0
Travis KonecnyC/LW/RW101-1213019:460:3401:080100% 2
Trevor MooreC/LW/RW000000106:230:0000:000100% 1
Ty DellandreaC011100108:220:3400:00088% 8
Tyler EnnisC/LW000-1012111:270:3400:00044% 16
Vasili PodkolzinRW000000006:230:0000:0000% 0
Zach HymanC/LW/RW0110031018:110:4200:00050% 2
CAROLINA Hurricanes
Player Name POS G A P +/- PIM HIT SHT SB MP PP MP PP SHT PK MP PK SHT FO% FOT
Alexandre TexierC/LW000100006:270:0000:0000% 0
Blake WheelerLW/RW0000010012:090:0000:420100% 2
Brandon SutterC/RW0110003016:441:1410:000100% 1
Brett PesceD0000012025:092:0700:5900% 0
Cam YorkD0000002012:010:0000:0000% 0
Colton SissonsC/LW/RW0000000011:190:0000:00060% 15
Connor DewarC0000011011:032:3000:00056% 9
Curtis LazarC/LW/RW101102106:270:0000:00044% 9
Esa LindellD0002050222:501:5100:5100% 0
Jack HughesC0002003017:171:3900:38044% 18
James van RiemsdykLW/RW101-1001118:571:1401:1200% 2
KAndre MillerD0000011113:070:0000:0000% 0
Marcus JohanssonC/LW/RW1122004023:172:4410:3800% 2
Owen PowerD0222220121:431:5100:5100% 0
Pontus AbergLW/RW0111002015:290:1410:00050% 4
Ryan EllisD1120064025:092:0710:5900% 0
Tyler MotteC/LW/RW0000212016:431:1400:00050% 22
Wayne SimmondsLW/RW0221543020:171:0510:3000% 2



Play-by-Play

1st period


0:01 of 1st period - Taylor Hall wins face-off versus Jack Hughes in neutral zone.
0:10 of 1st period - Shot by Travis Konecny.
0:10 of 1st period - Shot Misses the Net.
0:16 of 1st period - Jakob Chychrun is hit by Wayne Simmonds and loses puck.
0:37 of 1st period - Shot by Wayne Simmonds.
0:37 of 1st period - Stopped by Malcolm Subban without a rebound.
0:38 of 1st period - Zach Hyman wins face-off versus Tyler Motte in NEW YORK Rangers zone.
0:49 of 1st period - Shot by Logan Couture.
0:49 of 1st period - Shot Blocked by Owen Power.
0:51 of 1st period - Shot by Nolan Patrick.
0:51 of 1st period - Shot Blocked by Esa Lindell.
1:17 of 1st period - Shot by Nolan Patrick.
1:17 of 1st period - Stopped by Ilya Samsonov without a rebound.
1:18 of 1st period - Tyler Ennis wins face-off versus Pontus Aberg in CAROLINA Hurricanes zone.
1:21 of 1st period - Shot by Jesse Puljujarvi.
1:21 of 1st period - Shot Blocked by KAndre Miller.
1:42 of 1st period - Shot by Cam York.
1:42 of 1st period - Stopped by Malcolm Subban without a rebound.
1:43 of 1st period - Ty Dellandrea wins face-off versus Curtis Lazar in NEW YORK Rangers zone.
1:51 of 1st period - Trevor Moore is hit by Ryan Ellis and loses puck.
3:06 of 1st period - Minor Penalty to Owen Power for Holding.
3:06 of 1st period - Minor Penalty to Travis Konecny for Tripping.
3:07 of 1st period - Logan Couture wins face-off versus Connor Dewar in CAROLINA Hurricanes zone.
3:18 of 1st period - Shot by Logan Couture.
3:18 of 1st period - Shot Blocked by Esa Lindell.
3:20 of 1st period - Shot by Ryan Strome.
3:20 of 1st period - Shot Misses the Net.
3:22 of 1st period - Shot by Ryan Strome.
3:22 of 1st period - Stopped by Ilya Samsonov without a rebound.
3:23 of 1st period - Logan Couture wins face-off versus Jack Hughes in CAROLINA Hurricanes zone.
3:34 of 1st period - Shot by Ryan Strome.
3:34 of 1st period - Stopped by Ilya Samsonov with a rebound.
3:36 of 1st period - Shot by Logan Couture.
3:36 of 1st period - Shot Misses the Net.
4:18 of 1st period - James van Riemsdyk is hit by Nolan Patrick and loses puck.
4:22 of 1st period - Icing by James van Riemsdyk.
4:23 of 1st period - Ty Dellandrea wins face-off versus Wayne Simmonds in CAROLINA Hurricanes zone.
4:23 of 1st period - Ty Dellandrea is hit by Ryan Ellis.
4:37 of 1st period - Shot by Zach Hyman.
4:37 of 1st period - Stopped by Ilya Samsonov with a rebound.
4:39 of 1st period - Shot by Ty Dellandrea.
4:39 of 1st period - Shot Misses the Net.
4:41 of 1st period - Shot by Jakob Chychrun.
4:41 of 1st period - Goal by Jakob Chychrun - NEW YORK Rangers : 1 - CAROLINA Hurricanes : 0.
4:42 of 1st period - Logan Couture wins face-off versus Wayne Simmonds in neutral zone.
5:09 of 1st period - Jesse Puljujarvi is hit by Esa Lindell and loses puck.
5:13 of 1st period - Icing by Esa Lindell.
5:14 of 1st period - Colton Sissons wins face-off versus Tyler Ennis in CAROLINA Hurricanes zone.
5:37 of 1st period - Shot by Kieffer Bellows.
5:37 of 1st period - Stopped by Ilya Samsonov with a rebound.
5:39 of 1st period - Shot by Jakob Chychrun.
5:39 of 1st period - Stopped by Ilya Samsonov with a rebound.
6:06 of 1st period - Torey Krug is hit by Ryan Ellis and loses puck.
6:17 of 1st period - Shot by Wayne Simmonds.
6:17 of 1st period - Shot Blocked by Torey Krug.
6:19 of 1st period - Shot by Marcus Johansson.
6:19 of 1st period - Shot Blocked by Jesse Puljujarvi.
6:21 of 1st period - Shot by Brett Pesce.
6:21 of 1st period - Stopped by Malcolm Subban without a rebound.
6:22 of 1st period - Tyler Motte wins face-off versus Taylor Hall in NEW YORK Rangers zone.
6:26 of 1st period - Icing by Jon Merrill.
6:27 of 1st period - Taylor Hall wins face-off versus Jack Hughes in NEW YORK Rangers zone.
6:27 of 1st period - Taylor Hall is hit by Wayne Simmonds.
6:43 of 1st period - Shot by Ryan Strome.
6:43 of 1st period - Stopped by Ilya Samsonov without a rebound.
6:44 of 1st period - Tyler Motte wins face-off versus Nolan Patrick in CAROLINA Hurricanes zone.
8:04 of 1st period - Ryan Strome is hit by Wayne Simmonds and loses puck.
9:14 of 1st period - Icing by Esa Lindell.
9:15 of 1st period - Blake Wheeler wins face-off versus Logan Couture in CAROLINA Hurricanes zone.
10:22 of 1st period - Torey Krug is hit by Blake Wheeler and loses puck.
11:01 of 1st period - Icing by Trevor Moore.
11:02 of 1st period - Ty Dellandrea wins face-off versus Tyler Motte in NEW YORK Rangers zone.
11:23 of 1st period - Shot by Travis Konecny.
11:23 of 1st period - Shot Misses the Net.
11:25 of 1st period - Shot by Cody Goloubef.
11:25 of 1st period - Stopped by Ilya Samsonov without a rebound.
11:26 of 1st period - Logan Couture wins face-off versus Curtis Lazar in CAROLINA Hurricanes zone.
11:29 of 1st period - Shot by Zach Hyman.
11:29 of 1st period - Shot Misses the Net.
11:31 of 1st period - Shot by Logan Couture.
11:31 of 1st period - Stopped by Ilya Samsonov without a rebound.
11:32 of 1st period - Taylor Hall wins face-off versus Marcus Johansson in CAROLINA Hurricanes zone.
11:33 of 1st period - Shot by Cody Goloubef.
11:33 of 1st period - Shot Misses the Net.
11:51 of 1st period - Shot by Jack Hughes.
11:51 of 1st period - Shot Blocked by Taylor Hall.
11:53 of 1st period - Shot by Brett Pesce.
11:53 of 1st period - Shot Misses the Net.
12:06 of 1st period - Shot by Wayne Simmonds.
12:06 of 1st period - Shot Blocked by Jon Merrill.
12:08 of 1st period - Shot by Ryan Ellis.
12:08 of 1st period - Goal by Ryan Ellis - NEW YORK Rangers : 1 - CAROLINA Hurricanes : 1.
12:09 of 1st period - Tyler Motte wins face-off versus Nolan Patrick in neutral zone.
12:17 of 1st period - KAndre Miller is hit by Zach Hyman and loses puck.
12:26 of 1st period - Shot by Tyler Motte.
12:26 of 1st period - Stopped by Malcolm Subban with a rebound.
12:28 of 1st period - Shot by Cam York.
12:28 of 1st period - Stopped by Malcolm Subban with a rebound.
12:32 of 1st period - Shot by James van Riemsdyk.
12:32 of 1st period - Shot Misses the Net.
12:34 of 1st period - Shot by KAndre Miller.
12:34 of 1st period - Stopped by Malcolm Subban without a rebound.
12:35 of 1st period - Colton Sissons wins face-off versus Tyler Ennis in NEW YORK Rangers zone.
12:56 of 1st period - Shot by Jesse Puljujarvi.
12:56 of 1st period - Shot Misses the Net.
13:30 of 1st period - Ryan Ellis is hit by Jesse Puljujarvi and loses puck.
13:43 of 1st period - Jon Merrill is hit by Wayne Simmonds.
14:17 of 1st period - Shot by Ryan Strome.
14:17 of 1st period - Deflect By Travis Konecny.
14:17 of 1st period - Shot Misses the Net.
14:52 of 1st period - Icing by Logan Stanley.
14:53 of 1st period - Colton Sissons wins face-off versus Nolan Patrick in NEW YORK Rangers zone.
14:57 of 1st period - Icing by Logan Stanley.
14:58 of 1st period - Blake Wheeler wins face-off versus Nolan Patrick in NEW YORK Rangers zone.
15:35 of 1st period - Shot by Nolan Patrick.
15:35 of 1st period - Stopped by Ilya Samsonov with a rebound.
15:48 of 1st period - Icing by Owen Power.
15:49 of 1st period - Colton Sissons wins face-off versus Tyler Ennis in CAROLINA Hurricanes zone.
15:49 of 1st period - Colton Sissons is hit by Tyler Ennis.
16:18 of 1st period - Shot by Jesse Puljujarvi.
16:18 of 1st period - Stopped by Ilya Samsonov with a rebound.
16:20 of 1st period - Shot by Jakob Chychrun.
16:20 of 1st period - Stopped by Ilya Samsonov with a rebound.
17:03 of 1st period - Shot by Taylor Hall.
17:03 of 1st period - Shot Misses the Net.
17:05 of 1st period - Shot by Ryan Strome.
17:05 of 1st period - Stopped by Ilya Samsonov without a rebound.
17:06 of 1st period - Jack Hughes wins face-off versus Zach Hyman in CAROLINA Hurricanes zone.
17:06 of 1st period - Wayne Simmonds is hit by Zach Hyman and loses puck.
17:13 of 1st period - Shot by Ryan Ellis.
17:13 of 1st period - Stopped by Malcolm Subban without a rebound.
17:14 of 1st period - Nolan Patrick wins face-off versus Marcus Johansson in NEW YORK Rangers zone.
17:34 of 1st period - Icing by Zach Hyman.
17:35 of 1st period - Tyler Motte wins face-off versus Nolan Patrick in NEW YORK Rangers zone.
17:56 of 1st period - Shot by Logan Couture.
17:56 of 1st period - Shot Misses the Net.
18:28 of 1st period - Ryan Ellis is hit by Ryan Strome and loses puck.
18:37 of 1st period - Shot by Wayne Simmonds.
18:37 of 1st period - Deflect By Marcus Johansson.
18:37 of 1st period - Goal by Marcus Johansson - NEW YORK Rangers : 1 - CAROLINA Hurricanes : 2.
18:38 of 1st period - Ty Dellandrea wins face-off versus Curtis Lazar in neutral zone.
19:14 of 1st period - Shot by Trevor Moore.
19:14 of 1st period - Shot Misses the Net.
19:58 of 1st period - Shot by James van Riemsdyk.
19:58 of 1st period - Deflect By Tyler Motte.
19:58 of 1st period - Shot Misses the Net.
Goals for this period are 1 for NEW YORK Rangers vs 2 for CAROLINA Hurricanes .
Shots for this period are 14 for NEW YORK Rangers vs 9 for CAROLINA Hurricanes .

2nd period


0:01 of 2nd period - Jack Hughes wins face-off versus Taylor Hall in neutral zone.
0:24 of 2nd period - Icing by Travis Konecny.
0:25 of 2nd period - Tyler Motte wins face-off versus Taylor Hall in NEW YORK Rangers zone.
0:26 of 2nd period - Shot by Brandon Sutter.
0:26 of 2nd period - Stopped by Malcolm Subban without a rebound.
0:27 of 2nd period - Nolan Patrick wins face-off versus Tyler Motte in NEW YORK Rangers zone.
0:49 of 2nd period - Icing by Cody Goloubef.
0:50 of 2nd period - Jack Hughes wins face-off versus Nolan Patrick in NEW YORK Rangers zone.
0:53 of 2nd period - Shot by Marcus Johansson.
0:53 of 2nd period - Deflect By Jack Hughes.
0:53 of 2nd period - Shot Misses the Net.
0:55 of 2nd period - Shot by Jack Hughes.
0:55 of 2nd period - Shot Misses the Net.
1:09 of 2nd period - Shot by Wayne Simmonds.
1:09 of 2nd period - Stopped by Malcolm Subban without a rebound.
1:10 of 2nd period - Taylor Hall wins face-off versus Tyler Motte in NEW YORK Rangers zone.
1:25 of 2nd period - Ryan Strome is hit by Tyler Motte.
1:26 of 2nd period - Icing by Ryan Strome.
1:27 of 2nd period - Jack Hughes wins face-off versus Taylor Hall in NEW YORK Rangers zone.
1:27 of 2nd period - Ryan Ellis is hit by Torey Krug and loses puck.
1:37 of 2nd period - Shot by Marcus Johansson.
1:37 of 2nd period - Stopped by Malcolm Subban without a rebound.
1:38 of 2nd period - Tyler Motte wins face-off versus Nolan Patrick in NEW YORK Rangers zone.
2:27 of 2nd period - Icing by James van Riemsdyk.
2:28 of 2nd period - Taylor Hall wins face-off versus Tyler Motte in CAROLINA Hurricanes zone.
2:41 of 2nd period - Brett Pesce is hit by Travis Konecny.
3:30 of 2nd period - Shot by Jack Hughes.
3:30 of 2nd period - Stopped by Malcolm Subban without a rebound.
3:31 of 2nd period - Tyler Ennis wins face-off versus Colton Sissons in NEW YORK Rangers zone.
3:39 of 2nd period - Shot by Tyler Ennis.
3:39 of 2nd period - Deflect By Kieffer Bellows.
3:39 of 2nd period - Shot Misses the Net.
3:41 of 2nd period - Shot by Tyler Ennis.
3:41 of 2nd period - Shot Misses the Net.
3:47 of 2nd period - Shot by Jesse Puljujarvi.
3:47 of 2nd period - Shot Misses the Net.
3:49 of 2nd period - Shot by Tyler Ennis.
3:49 of 2nd period - Stopped by Ilya Samsonov without a rebound.
3:50 of 2nd period - Jack Hughes wins face-off versus Nolan Patrick in CAROLINA Hurricanes zone.
4:18 of 2nd period - Zach Hyman is hit by KAndre Miller and loses puck.
5:03 of 2nd period - Kieffer Bellows is hit by Esa Lindell and loses puck.
5:17 of 2nd period - Tyler Ennis is hit by Esa Lindell and loses puck.
5:40 of 2nd period - Icing by Esa Lindell.
5:41 of 2nd period - Ty Dellandrea wins face-off versus Colton Sissons in CAROLINA Hurricanes zone.
5:41 of 2nd period - Torey Krug is hit by Esa Lindell and loses puck.
5:52 of 2nd period - Shot by Ty Dellandrea.
5:52 of 2nd period - Stopped by Ilya Samsonov without a rebound.
5:53 of 2nd period - Taylor Hall wins face-off versus Tyler Motte in CAROLINA Hurricanes zone.
6:04 of 2nd period - Shot by Ryan Strome.
6:04 of 2nd period - Shot Misses the Net.
6:17 of 2nd period - Shot by Travis Konecny.
6:17 of 2nd period - Goal by Travis Konecny - NEW YORK Rangers : 2 - CAROLINA Hurricanes : 2.
6:18 of 2nd period - Jack Hughes wins face-off versus Nolan Patrick in neutral zone.
6:25 of 2nd period - Shot by Wayne Simmonds.
6:25 of 2nd period - Shot Misses the Net.
7:19 of 2nd period - Icing by Brett Pesce.
7:20 of 2nd period - Travis Konecny wins face-off versus Tyler Motte in CAROLINA Hurricanes zone.
7:33 of 2nd period - Shot by Brandon Sutter.
7:33 of 2nd period - Stopped by Malcolm Subban without a rebound.
7:34 of 2nd period - Tyler Ennis wins face-off versus Colton Sissons in NEW YORK Rangers zone.
7:53 of 2nd period - Icing by Cody Goloubef.
7:54 of 2nd period - Tyler Motte wins face-off versus Tyler Ennis in NEW YORK Rangers zone.
7:55 of 2nd period - Shot by Brandon Sutter.
7:55 of 2nd period - Shot Blocked by Jon Merrill.
7:57 of 2nd period - Shot by Brett Pesce.
7:57 of 2nd period - Shot Misses the Net.
8:28 of 2nd period - Icing by Cody Goloubef.
8:29 of 2nd period - Tyler Ennis wins face-off versus Jack Hughes in NEW YORK Rangers zone.
8:35 of 2nd period - Cody Goloubef is hit by Owen Power and loses puck.
8:57 of 2nd period - Shot by Jack Hughes.
8:57 of 2nd period - Stopped by Malcolm Subban without a rebound.
8:58 of 2nd period - Colton Sissons wins face-off versus Taylor Hall in NEW YORK Rangers zone.
8:59 of 2nd period - Shot by Brett Pesce.
8:59 of 2nd period - Stopped by Malcolm Subban without a rebound.
9:00 of 2nd period - Tyler Motte wins face-off versus Taylor Hall in NEW YORK Rangers zone.
9:16 of 2nd period - Icing by Torey Krug.
9:17 of 2nd period - Taylor Hall wins face-off versus Jack Hughes in NEW YORK Rangers zone.
10:31 of 2nd period - Shot by James van Riemsdyk.
10:31 of 2nd period - Shot Blocked by Logan Stanley.
10:53 of 2nd period - Shot by Tyler Motte.
10:53 of 2nd period - Shot Misses the Net.
11:04 of 2nd period - Off-side.
11:05 of 2nd period - Tyler Ennis wins face-off versus Colton Sissons in neutral zone.
11:16 of 2nd period - Shot by Jesse Puljujarvi.
11:16 of 2nd period - Deflect By Tyler Ennis.
11:16 of 2nd period - Stopped by Ilya Samsonov without a rebound.
11:17 of 2nd period - Taylor Hall wins face-off versus Jack Hughes in CAROLINA Hurricanes zone.
11:35 of 2nd period - Shot by Marcus Johansson.
11:35 of 2nd period - Shot Blocked by Torey Krug.
11:36 of 2nd period - Wayne Simmonds and Ryan Strome fight to a draw.
11:36 of 2nd period - Penalty to Wayne Simmonds for Fighting.
11:36 of 2nd period - Penalty to Ryan Strome for Fighting.
11:37 of 2nd period - Colton Sissons wins face-off versus Tyler Ennis in NEW YORK Rangers zone.
11:37 of 2nd period - Pontus Aberg is hit by Cody Goloubef and loses puck.
11:42 of 2nd period - Shot by Brett Pesce.
11:42 of 2nd period - Shot Blocked by Tyler Ennis.
11:48 of 2nd period - Shot by Blake Wheeler.
11:48 of 2nd period - Shot Misses the Net.
11:50 of 2nd period - Shot by Ryan Ellis.
11:50 of 2nd period - Shot Misses the Net.
11:51 of 2nd period - Minor Penalty to Jon Merrill for High sticking.
11:52 of 2nd period - Connor Dewar wins face-off versus Nolan Patrick in NEW YORK Rangers zone.
12:37 of 2nd period - Shot by Marcus Johansson.
12:37 of 2nd period - Stopped by Malcolm Subban without a rebound.
12:38 of 2nd period - Brandon Sutter wins face-off versus Nolan Patrick in NEW YORK Rangers zone.
12:41 of 2nd period - Shot by Brett Pesce.
12:41 of 2nd period - Shot Blocked by John Moore.
12:57 of 2nd period - Shot by Ryan Ellis.
12:57 of 2nd period - Stopped by Malcolm Subban without a rebound.
12:58 of 2nd period - Jack Hughes wins face-off versus Nolan Patrick in NEW YORK Rangers zone.
13:08 of 2nd period - Icing by Brett Pesce.
13:09 of 2nd period - Nolan Patrick wins face-off versus Jack Hughes in CAROLINA Hurricanes zone.
13:13 of 2nd period - Icing by Ryan Ellis.
13:14 of 2nd period - Nolan Patrick wins face-off versus Jack Hughes in CAROLINA Hurricanes zone.
13:58 of 2nd period - James van Riemsdyk is hit by Kieffer Bellows.
14:03 of 2nd period - Minor Penalty to John Moore for Hooking.
14:04 of 2nd period - Colton Sissons wins face-off versus Taylor Hall in NEW YORK Rangers zone.
14:24 of 2nd period - Icing by Owen Power.
14:25 of 2nd period - Nolan Patrick wins face-off versus Colton Sissons in CAROLINA Hurricanes zone.
14:25 of 2nd period - Nolan Patrick is hit by Esa Lindell.
14:29 of 2nd period - Shot by Zach Hyman.
14:29 of 2nd period - Shot Hit the Post.
15:47 of 2nd period - Shot by Travis Konecny.
15:47 of 2nd period - Stopped by Ilya Samsonov with a rebound.
16:21 of 2nd period - Minor Penalty to Tyler Motte for Slashing.
16:22 of 2nd period - Tyler Ennis wins face-off versus Jack Hughes in CAROLINA Hurricanes zone.
18:05 of 2nd period - Shot by Ryan Strome.
18:05 of 2nd period - Shot Misses the Net.
18:07 of 2nd period - Shot by Jesse Puljujarvi.
18:07 of 2nd period - Stopped by Ilya Samsonov with a rebound.
18:09 of 2nd period - Shot by Ryan Strome.
18:09 of 2nd period - Shot Misses the Net.
18:11 of 2nd period - Shot by John Moore.
18:11 of 2nd period - Deflect By Ryan Strome.
18:11 of 2nd period - Goal by Ryan Strome - NEW YORK Rangers : 3 - CAROLINA Hurricanes : 2.
18:12 of 2nd period - Curtis Lazar wins face-off versus Tyler Ennis in neutral zone.
18:56 of 2nd period - Icing by Kieffer Bellows.
18:57 of 2nd period - Colton Sissons wins face-off versus Tyler Ennis in NEW YORK Rangers zone.
19:00 of 2nd period - Shot by Pontus Aberg.
19:00 of 2nd period - Shot Misses the Net.
19:21 of 2nd period - Pontus Aberg is hit by Jakob Chychrun and loses puck.
Goals for this period are 2 for NEW YORK Rangers vs 0 for CAROLINA Hurricanes .
Shots for this period are 7 for NEW YORK Rangers vs 9 for CAROLINA Hurricanes .

3rd period


0:01 of 3rd period - Taylor Hall wins face-off versus Jack Hughes in neutral zone.
0:12 of 3rd period - Shot by Jack Hughes.
0:12 of 3rd period - Stopped by Malcolm Subban without a rebound.
0:13 of 3rd period - Nolan Patrick wins face-off versus Tyler Motte in NEW YORK Rangers zone.
0:24 of 3rd period - Shot by Logan Couture.
0:24 of 3rd period - Stopped by Ilya Samsonov without a rebound.
0:25 of 3rd period - Jack Hughes wins face-off versus Taylor Hall in CAROLINA Hurricanes zone.
0:33 of 3rd period - Jack Hughes is hit by Torey Krug and loses puck.
0:34 of 3rd period - Jack Hughes from CAROLINA Hurricanes is injured at 0:34 of 3rd period (Strained Right Knee).
0:35 of 3rd period - Connor Dewar wins face-off versus Nolan Patrick in NEW YORK Rangers zone.
1:51 of 3rd period - Off-side.
1:52 of 3rd period - Curtis Lazar wins face-off versus Ty Dellandrea in neutral zone.
2:28 of 3rd period - Esa Lindell is hit by John Moore and loses puck.
3:16 of 3rd period - Off-side.
3:17 of 3rd period - Nolan Patrick wins face-off versus Tyler Motte in neutral zone.
3:32 of 3rd period - Shot by Zach Hyman.
3:32 of 3rd period - Shot Hit the Post.
3:40 of 3rd period - Shot by Nolan Patrick.
3:40 of 3rd period - Shot Blocked by James van Riemsdyk.
3:48 of 3rd period - Shot by Nolan Patrick.
3:48 of 3rd period - Stopped by Ilya Samsonov without a rebound.
3:49 of 3rd period - Connor Dewar wins face-off versus Tyler Ennis in CAROLINA Hurricanes zone.
4:06 of 3rd period - Shot by Jesse Puljujarvi.
4:06 of 3rd period - Stopped by Ilya Samsonov without a rebound.
4:07 of 3rd period - Taylor Hall wins face-off versus Tyler Motte in CAROLINA Hurricanes zone.
4:09 of 3rd period - Travis Konecny is hit by Ryan Ellis and loses puck.
4:36 of 3rd period - Shot by Taylor Hall.
4:36 of 3rd period - Shot Misses the Net.
5:46 of 3rd period - Off-side.
5:47 of 3rd period - Curtis Lazar wins face-off versus Tyler Ennis in neutral zone.
5:56 of 3rd period - Shot by Pontus Aberg.
5:56 of 3rd period - Shot Blocked by Logan Stanley.
7:04 of 3rd period - Shot by Tyler Motte.
7:04 of 3rd period - Shot Misses the Net.
7:43 of 3rd period - Icing by Cam York.
7:44 of 3rd period - Connor Dewar wins face-off versus Taylor Hall in CAROLINA Hurricanes zone.
7:49 of 3rd period - Shot by Marcus Johansson.
7:49 of 3rd period - Shot Misses the Net.
8:01 of 3rd period - Shot by Marcus Johansson.
8:01 of 3rd period - Stopped by Malcolm Subban with a rebound.
8:03 of 3rd period - Shot by Connor Dewar.
8:03 of 3rd period - Stopped by Malcolm Subban without a rebound.
8:04 of 3rd period - Curtis Lazar wins face-off versus Nolan Patrick in NEW YORK Rangers zone.
8:27 of 3rd period - Logan Couture is hit by Curtis Lazar and loses puck.
8:40 of 3rd period - Shot by Curtis Lazar.
8:40 of 3rd period - Goal by Curtis Lazar - NEW YORK Rangers : 3 - CAROLINA Hurricanes : 3.
8:41 of 3rd period - Taylor Hall wins face-off versus Connor Dewar in neutral zone.
9:11 of 3rd period - Shot by Travis Konecny.
9:11 of 3rd period - Stopped by Ilya Samsonov without a rebound.
9:12 of 3rd period - Trevor Moore wins face-off versus James van Riemsdyk in CAROLINA Hurricanes zone.
9:13 of 3rd period - Shot by Cody Goloubef.
9:13 of 3rd period - Stopped by Ilya Samsonov without a rebound.
9:14 of 3rd period - Tyler Motte wins face-off versus Nolan Patrick in CAROLINA Hurricanes zone.
9:14 of 3rd period - Tyler Motte is hit by Nolan Patrick.
10:48 of 3rd period - Off-side.
10:49 of 3rd period - Colton Sissons wins face-off versus Taylor Hall in neutral zone.
11:00 of 3rd period - Shot by Colton Sissons.
11:00 of 3rd period - Deflect By Pontus Aberg.
11:00 of 3rd period - Shot Misses the Net.
11:02 of 3rd period - Shot by Owen Power.
11:02 of 3rd period - Shot Misses the Net.
11:04 of 3rd period - Shot by Colton Sissons.
11:04 of 3rd period - Shot Misses the Net.
11:06 of 3rd period - Shot by Pontus Aberg.
11:06 of 3rd period - Shot Misses the Net.
11:20 of 3rd period - Shot by Pontus Aberg.
11:20 of 3rd period - Stopped by Malcolm Subban without a rebound.
11:21 of 3rd period - Ty Dellandrea wins face-off versus Connor Dewar in NEW YORK Rangers zone.
11:39 of 3rd period - Vasili Podkolzin is hit by Ryan Ellis and loses puck.
12:01 of 3rd period - Trevor Moore is hit by Ryan Ellis and loses puck.
12:27 of 3rd period - Travis Konecny is hit by Brett Pesce.
12:54 of 3rd period - James van Riemsdyk is hit by Jakob Chychrun and loses puck.
13:21 of 3rd period - Shot by James van Riemsdyk.
13:21 of 3rd period - Goal by James van Riemsdyk - NEW YORK Rangers : 3 - CAROLINA Hurricanes : 4.
13:22 of 3rd period - Nolan Patrick wins face-off versus Colton Sissons in neutral zone.
13:27 of 3rd period - KAndre Miller is hit by Logan Couture and loses puck.
13:33 of 3rd period - Minor Penalty to Logan Couture for Tripping.
13:34 of 3rd period - Nolan Patrick wins face-off versus Pontus Aberg in NEW YORK Rangers zone.
13:47 of 3rd period - Shot by Pontus Aberg.
13:47 of 3rd period - Stopped by Malcolm Subban without a rebound.
13:48 of 3rd period - Nolan Patrick wins face-off versus James van Riemsdyk in NEW YORK Rangers zone.
14:18 of 3rd period - Shot by Brandon Sutter.
14:18 of 3rd period - Shot Misses the Net.
14:36 of 3rd period - Shot by Esa Lindell.
14:36 of 3rd period - Shot Blocked by John Moore.
14:38 of 3rd period - Shot by Esa Lindell.
14:38 of 3rd period - Deflect By Wayne Simmonds.
14:38 of 3rd period - Stopped by Malcolm Subban without a rebound.
14:39 of 3rd period - Travis Konecny wins face-off versus Connor Dewar in NEW YORK Rangers zone.
15:04 of 3rd period - Shot by Wayne Simmonds.
15:04 of 3rd period - Shot Misses the Net.
15:29 of 3rd period - Shot by Brandon Sutter.
15:29 of 3rd period - Stopped by Malcolm Subban without a rebound.
15:30 of 3rd period - Kieffer Bellows wins face-off versus Tyler Motte in NEW YORK Rangers zone.
15:43 of 3rd period - Icing by Torey Krug.
15:44 of 3rd period - Ty Dellandrea wins face-off versus Curtis Lazar in NEW YORK Rangers zone.
15:44 of 3rd period - Ty Dellandrea is hit by Curtis Lazar.
16:23 of 3rd period - Shot by Trevor Moore.
16:23 of 3rd period - Stopped by Ilya Samsonov without a rebound.
16:24 of 3rd period - Pontus Aberg wins face-off versus Taylor Hall in CAROLINA Hurricanes zone.
16:24 of 3rd period - Wayne Simmonds is hit by Ryan Strome and loses puck.
16:35 of 3rd period - Shot by John Moore.
16:35 of 3rd period - Shot Misses the Net.
17:12 of 3rd period - Icing by Esa Lindell.
17:13 of 3rd period - Pontus Aberg wins face-off versus Nolan Patrick in CAROLINA Hurricanes zone.
17:20 of 3rd period - Shot by Nolan Patrick.
17:20 of 3rd period - Stopped by Ilya Samsonov without a rebound.
17:21 of 3rd period - Tyler Motte wins face-off versus Nolan Patrick in CAROLINA Hurricanes zone.
17:28 of 3rd period - Shot by Tyler Motte.
17:28 of 3rd period - Stopped by Malcolm Subban with a rebound.
17:30 of 3rd period - Shot by Ryan Ellis.
17:30 of 3rd period - Stopped by Malcolm Subban without a rebound.
17:31 of 3rd period - Tyler Ennis wins face-off versus Curtis Lazar in NEW YORK Rangers zone.
17:31 of 3rd period - Tyler Ennis is hit by Connor Dewar.
17:38 of 3rd period - Off-side.
17:39 of 3rd period - Tyler Motte wins face-off versus Taylor Hall in neutral zone.
17:47 of 3rd period - Brandon Sutter is hit by Jakob Chychrun.
18:16 of 3rd period - Shot by James van Riemsdyk.
18:16 of 3rd period - Shot Misses the Net.
18:24 of 3rd period - Shot by Travis Konecny.
18:24 of 3rd period - Deflect By Taylor Hall.
18:24 of 3rd period - Stopped by Ilya Samsonov without a rebound.
18:25 of 3rd period - Connor Dewar wins face-off versus Nolan Patrick in CAROLINA Hurricanes zone.
18:54 of 3rd period - Marcus Johansson is hit by Zach Hyman and loses puck.
19:15 of 3rd period - Cody Goloubef is hit by Owen Power and loses puck.
19:47 of 3rd period - Owen Power is hit by Jakob Chychrun.
19:57 of 3rd period - NEW YORK Rangers, Malcolm Subban is pulled from the net.
Goals for this period are 0 for NEW YORK Rangers vs 2 for CAROLINA Hurricanes .
Shots for this period are 8 for NEW YORK Rangers vs 11 for CAROLINA Hurricanes .